| TOP OF THE 1ST |
|
Rome Braves batting - Pitching for Hillsboro Hops : RHP Jose Rodas
|
|
Pitching: RHP Jose Rodas
|
|
|
Batting: RHB Carlos Livas
|
0-0: Ball 1-0: Swinging Strike 1-1: Foul Ball, location: 2F 1-2: Foul Ball, location: 2F 1-2: Foul Ball, location: 2F 1-2: Foul Ball, location: 2F 1-2: SOLO HOME RUN (Flyball, 7D, EV 100.0 MPH), Distance : 397 ft
|
|
Batting: RHB Rafael Reyes
|
0-0: Foul Ball, location: 2F 0-1: Fly out, F9 (Flyball, 9LMF, EV 90.6 MPH)
|
|
Batting: RHB Dave Pizarro
|
0-0: Foul Ball, location: 2F 0-1: Ball 1-1: Foul Ball, location: 2F 1-2: Foul Ball, location: 2F 1-2: Foul Ball, location: 2F 1-2: Ball 2-2: Foul Ball, location: 2F 2-2: Foul Ball, location: 2F 2-2: Ground out 6-3 (Groundball, 6, EV 79.4 MPH)
|
|
Batting: RHB Manny Hensley
|
0-0: Ball 1-0: Called Strike 1-1: TRIPLE (Flyball, 7D, EV 93.8 MPH)
|
|
Batting: RHB Yutaka Yamane
|
0-0: Swinging Strike 0-1: Foul Ball, location: 2F 0-2: Strikes out swinging
|
| Top of the 1st over - 1 run, 2 hits, 0 errors, 1 left on base; Rome 1 - Hillsboro 0 |
| BOTTOM OF THE 1ST |
|
Hillsboro Hops batting - Pitching for Rome Braves : RHP Javy Hernandez
|
|
Pitching: RHP Javy Hernandez
|
|
|
Batting: RHB Dale Young
|
0-0: Ball 1-0: Called Strike 1-1: Called Strike 1-2: Strikes out swinging
|
|
Batting: RHB Jonathan Underhill
|
0-0: Ball 1-0: Called Strike 1-1: Ball 2-1: Ball 3-1: Hit by Pitch
|
|
Batting: RHB Nikita Schram
|
0-0: Fielders Choice at 2nd, 5-4 (Groundball, 56S, EV 91.2 MPH)
|
|
Batting: SHB Johnny Diaz
|
0-0: Ball 1-0: Ball Nikita Schram steals 2nd base 2-0: Ball 3-0: Called Strike 3-1: Fly out, F7 (Line Drive, 7, EV 94.4 MPH)
|
| Bottom of the 1st over - 0 runs, 0 hits, 0 errors, 1 left on base; Rome 1 - Hillsboro 0 |
| TOP OF THE 2ND |
|
Rome Braves batting - Pitching for Hillsboro Hops : RHP Jose Rodas
|
|
Batting: RHB Gebre-Giorgios Wangondu
|
0-0: Called Strike 0-1: Foul Ball, location: 2F 0-2: Ball 1-2: Ball 2-2: Strikes out swinging
|
|
Batting: LHB Diego Garcia
|
0-0: Called Strike 0-1: Ball 1-1: Foul Ball, location: 2F 1-2: Ball 2-2: Foul Ball, location: 2F 2-2: Ball 3-2: Strikes out looking
|
|
Batting: LHB Ivan Castillo
|
0-0: Ball 1-0: Ground out U3 (Groundball, 3S, EV 90.0 MPH)
|
| Top of the 2nd over - 0 runs, 0 hits, 0 errors, 0 left on base; Rome 1 - Hillsboro 0 |
| BOTTOM OF THE 2ND |
|
Hillsboro Hops batting - Pitching for Rome Braves : RHP Javy Hernandez
|
|
Batting: RHB T.J. Jordan
|
0-0: Ball 1-0: Ball 2-0: Called Strike 2-1: Swinging Strike 2-2: DOUBLE (Line Drive, 89D, EV 106.2 MPH)
|
|
Batting: RHB Mike Dodson
|
0-0: Ball Wild Pitch! T.J. Jordan to third 1-0: Foul Ball, location: 2F 1-1: Ground out 6-3 (Groundball, 56D, EV 98.8 MPH) T.J. Jordan scores
|
|
Batting: RHB Terry Jarrells
|
0-0: Ball 1-0: Ball 2-0: Foul Ball, location: 2F 2-1: Called Strike 2-2: Ball 3-2: Foul Ball, location: 2F 3-2: Fly out, F8 (Flyball, 8LD, EV 105.0 MPH)
|
|
Batting: RHB Mike Swift
|
0-0: Ball 1-0: Called Strike 1-1: Swinging Strike 1-2: Foul Ball, location: 2F 1-2: Ball 2-2: Strikes out swinging
|
| Bottom of the 2nd over - 1 run, 1 hit, 0 errors, 0 left on base; Rome 1 - Hillsboro 1 |
| TOP OF THE 3RD |
|
Rome Braves batting - Pitching for Hillsboro Hops : RHP Jose Rodas
|
|
Batting: RHB Roberto Rios
|
0-0: Swinging Strike 0-1: Swinging Strike 0-2: Ball 1-2: Strikes out swinging
|
|
Batting: RHB Carlos Livas
|
0-0: Called Strike 0-1: Ground out 2-3 (Groundball, 2L, EV 71.2 MPH)
|
|
Batting: RHB Rafael Reyes
|
0-0: Ball 1-0: Ball 2-0: Ground out 6-3 (Groundball, 6, EV 84.4 MPH)
|
| Top of the 3rd over - 0 runs, 0 hits, 0 errors, 0 left on base; Rome 1 - Hillsboro 1 |
| BOTTOM OF THE 3RD |
|
Hillsboro Hops batting - Pitching for Rome Braves : RHP Javy Hernandez
|
|
Batting: LHB Ron Mills
|
0-0: Foul Ball, location: 2F 0-1: Foul Ball, location: 2F 0-2: Ball 1-2: Ball 2-2: Strikes out swinging
|
|
Batting: RHB Dale Young
|
0-0: Ball 1-0: Foul Ball, location: 2F 1-1: Ground out 6-3 (Groundball, 6, EV 78.1 MPH)
|
|
Batting: RHB Jonathan Underhill
|
0-0: Swinging Strike 0-1: Swinging Strike 0-2: Strikes out swinging
|
| Bottom of the 3rd over - 0 runs, 0 hits, 0 errors, 0 left on base; Rome 1 - Hillsboro 1 |
| TOP OF THE 4TH |
|
Rome Braves batting - Pitching for Hillsboro Hops : RHP Jose Rodas
|
|
Batting: RHB Dave Pizarro
|
0-0: Called Strike 0-1: Foul Ball, location: 2F 0-2: Ball 1-2: Strikes out looking
|
|
Batting: RHB Manny Hensley
|
0-0: Foul Ball, location: 2F 0-1: Fly out, F9 (Flyball, 9LM, EV 91.9 MPH)
|
|
Batting: RHB Yutaka Yamane
|
0-0: Called Strike 0-1: Foul Ball, location: 2F 0-2: Ground out 5-3 (Groundball, 56S, EV 69.4 MPH)
|
| Top of the 4th over - 0 runs, 0 hits, 0 errors, 0 left on base; Rome 1 - Hillsboro 1 |
| BOTTOM OF THE 4TH |
|
Hillsboro Hops batting - Pitching for Rome Braves : RHP Javy Hernandez
|
|
Batting: RHB Nikita Schram
|
0-0: Called Strike 0-1: Ball 1-1: Ball 2-1: Swinging Strike 2-2: Foul Ball, location: 2F 2-2: Ball 3-2: Base on Balls
|
|
Batting: SHB Johnny Diaz
|
0-0: Ball 1-0: Ball 2-0: Called Strike Nikita Schram is caught stealing 2nd base 2-6 2-1: SINGLE (Line Drive, 5D, EV 105.0 MPH)
|
|
Batting: RHB T.J. Jordan
|
0-0: Ball 1-0: Grounds into double play, 5-4-3 (Groundball, 56, EV 85.0 MPH)
|
| Bottom of the 4th over - 0 runs, 1 hit, 0 errors, 0 left on base; Rome 1 - Hillsboro 1 |
| TOP OF THE 5TH |
|
Rome Braves batting - Pitching for Hillsboro Hops : RHP Jose Rodas
|
|
Batting: RHB Gebre-Giorgios Wangondu
|
0-0: Swinging Strike 0-1: Fly out, F8 (Flyball, 89M, EV 76.9 MPH)
|
|
Batting: LHB Diego Garcia
|
0-0: Called Strike 0-1: DOUBLE (Flyball, 8LXD, EV 107.5 MPH)
|
|
Batting: LHB Ivan Castillo
|
0-0: Ball 1-0: Ball 2-0: Swinging Strike 2-1: Called Strike 2-2: Ball 3-2: Base on Balls
|
|
Batting: RHB Roberto Rios
|
0-0: Ball 1-0: Ball 2-0: Called Strike 2-1: Swinging Strike 2-2: Strikes out swinging
|
|
Batting: RHB Carlos Livas
|
0-0: Called Strike 0-1: Fielders Choice at 2nd, 6-4 (Groundball, 6, EV 85.0 MPH)
|
| Top of the 5th over - 0 runs, 1 hit, 0 errors, 2 left on base; Rome 1 - Hillsboro 1 |
| BOTTOM OF THE 5TH |
|
Hillsboro Hops batting - Pitching for Rome Braves : RHP Javy Hernandez
|
|
Batting: RHB Mike Dodson
|
0-0: Ball 1-0: Ball 2-0: Foul Ball, location: 2F 2-1: Foul Ball, location: 2F 2-2: Fly out, F8 (Flyball, 8RM, EV 86.2 MPH)
|
|
Batting: RHB Terry Jarrells
|
0-0: Ball 1-0: Called Strike 1-1: Ball 2-1: Ball 3-1: TRIPLE (Flyball, 9LD, EV 110.6 MPH)
|
|
Batting: RHB Mike Swift
|
0-0: Ball 1-0: Called Strike 1-1: Ball 2-1: Ball 3-1: Fly out, F9 (Flyball, 9D, EV 80.6 MPH)
|
|
Batting: LHB Ron Mills
|
0-0: Ball 1-0: Fly out, F9 (Flyball, 9S, EV 76.2 MPH)
|
| Bottom of the 5th over - 0 runs, 1 hit, 0 errors, 1 left on base; Rome 1 - Hillsboro 1 |
| TOP OF THE 6TH |
|
Rome Braves batting - Pitching for Hillsboro Hops : RHP Jose Rodas
|
|
Batting: RHB Rafael Reyes
|
0-0: Called Strike 0-1: Ball 1-1: Ball 2-1: Called Strike 2-2: Strikes out swinging, 2-3 out at first.
|
|
Batting: RHB Dave Pizarro
|
0-0: Called Strike 0-1: Ball 1-1: SINGLE (Groundball, 4MS, EV 65.6 MPH) (infield hit)
|
|
Batting: RHB Manny Hensley
|
0-0: Called Strike Dave Pizarro steals 2nd base 0-1: Swinging Strike 0-2: Foul Ball, location: 2F 0-2: Ball 1-2: Strikes out swinging
|
|
Batting: RHB Yutaka Yamane
|
0-0: Foul Ball, location: 2F 0-1: Ground out 4-3 (Groundball, 4, EV 103.8 MPH)
|
| Top of the 6th over - 0 runs, 1 hit, 0 errors, 1 left on base; Rome 1 - Hillsboro 1 |
| BOTTOM OF THE 6TH |
|
Hillsboro Hops batting - Pitching for Rome Braves : RHP Javy Hernandez
|
|
Batting: RHB Dale Young
|
0-0: Ball 1-0: Ball 2-0: Ball 3-0: Fly out, F3 (Popup, 34, EV 64.4 MPH)
|
|
Batting: RHB Jonathan Underhill
|
0-0: Ball 1-0: Foul Ball, location: 2F 1-1: Ball 2-1: Foul Ball, location: 2F 2-2: Foul Ball, location: 2F 2-2: Strikes out swinging
|
|
Batting: RHB Nikita Schram
|
0-0: Called Strike 0-1: Swinging Strike 0-2: Strikes out looking
|
| Bottom of the 6th over - 0 runs, 0 hits, 0 errors, 0 left on base; Rome 1 - Hillsboro 1 |
| TOP OF THE 7TH |
|
Rome Braves batting - Pitching for Hillsboro Hops : RHP Jose Rodas
|
|
Batting: RHB Gebre-Giorgios Wangondu
|
0-0: Called Strike 0-1: Called Strike 0-2: Ball 1-2: Foul Ball, location: 2F 1-2: Strikes out swinging
|
|
Batting: LHB Diego Garcia
|
0-0: SINGLE (Groundball, 4MD, EV 106.9 MPH)
|
|
Batting: LHB Ivan Castillo
|
0-0: Called Strike 0-1: Ball 1-1: Ball 2-1: Ball 3-1: Reached on error, E3 (Groundball, 3L, EV 105.6 MPH) Diego Garcia to second
|
|
Pitching: LHP Sam Davis
|
|
|
Pinch Runner at 2nd Adam Hairston:
|
|
|
Batting: RHB Roberto Rios
|
0-0: Ball 1-0: Ball 2-0: Foul Ball, location: 2F 2-1: Called Strike 2-2: Foul Ball, location: 2F 2-2: Strikes out swinging
|
|
Batting: RHB Carlos Livas
|
0-0: Fielders Choice at 2nd, 6-4 (Groundball, 6, EV 105.6 MPH)
|
| Top of the 7th over - 0 runs, 1 hit, 1 error, 2 left on base; Rome 1 - Hillsboro 1 |
| BOTTOM OF THE 7TH |
|
Hillsboro Hops batting - Pitching for Rome Braves : RHP Javy Hernandez
|
|
Batting: SHB Johnny Diaz
|
0-0: Ground out 4-3 (Groundball, 4, EV 107.5 MPH)
|
|
Batting: RHB T.J. Jordan
|
0-0: Called Strike 0-1: Ball 1-1: Called Strike 1-2: Ball 2-2: Ball 3-2: Base on Balls
|
|
Batting: RHB Mike Dodson
|
0-0: Ball 1-0: Ball 2-0: Ball 3-0: Called Strike 3-1: Called Strike 3-2: Fly out, F8 (Flyball, 8LM, EV 89.4 MPH) Lined into DP, 8-3 (Flyball, 8LM, EV 89.4 MPH)
|
| Bottom of the 7th over - 0 runs, 0 hits, 0 errors, 0 left on base; Rome 1 - Hillsboro 1 |
| TOP OF THE 8TH |
|
Rome Braves batting - Pitching for Hillsboro Hops : LHP Sam Davis
|
|
Batting: RHB Rafael Reyes
|
0-0: Ball 1-0: Called Strike 1-1: Called Strike 1-2: Ball 2-2: Ball 3-2: Ground out 5-3 (Groundball, 5S, EV 67.5 MPH)
|
|
Batting: RHB Dave Pizarro
|
0-0: Ball 1-0: Ball 2-0: Called Strike 2-1: Foul Ball, location: 2F 2-2: Foul Ball, location: 2F 2-2: Foul Ball, location: 2F 2-2: Hit by Pitch
|
|
Batting: RHB Manny Hensley
|
0-0: Called Strike 0-1: Ball 1-1: Ball Dave Pizarro steals 2nd base 2-1: Ball 3-1: Called Strike 3-2: Base on Balls
|
|
Batting: RHB Yutaka Yamane
|
0-0: Ball Dave Pizarro steals 3rd base Manny Hensley to second 1-0: Ball 2-0: Ball 3-0: Called Strike 3-1: Foul Ball, location: 2F 3-2: Foul Ball, location: 2F 3-2: Fly out, F8 (Flyball, 8RM, EV 80.6 MPH) Runner from 3rd tags up, SCORES, no throw by CF
|
|
Batting: RHB Gebre-Giorgios Wangondu
|
0-0: Ball 1-0: Called Strike 1-1: Ball 2-1: Ball 3-1: DOUBLE (Line Drive, 9LM, EV 113.1 MPH) Manny Hensley scores
|
|
Pitching: LHP Jesus Gallegos
|
|
|
Batting: LHB Adam Hairston
|
0-0: Ball 1-0: Called Strike 1-1: Foul Ball, location: 2F 1-2: Strikes out swinging
|
| Top of the 8th over - 2 runs, 1 hit, 0 errors, 1 left on base; Rome 3 - Hillsboro 1 |
| BOTTOM OF THE 8TH |
|
Hillsboro Hops batting - Pitching for Rome Braves : RHP Javy Hernandez
|
|
Pitching: RHP Orlando Mosqueda
|
|
|
Batting: RHB Terry Jarrells
|
0-0: Ball 1-0: Fly out, F7 (Line Drive, 7D, EV 98.1 MPH)
|
|
Batting: LHB Tomohiro Yokoyama
|
0-0: Swinging Strike 0-1: Called Strike 0-2: Ball 1-2: Strikes out swinging
|
|
Batting: LHB Ron Mills
|
0-0: Called Strike 0-1: Fly out, F9 (Line Drive, 9, EV 94.4 MPH)
|
| Bottom of the 8th over - 0 runs, 0 hits, 0 errors, 0 left on base; Rome 3 - Hillsboro 1 |
| TOP OF THE 9TH |
|
Rome Braves batting - Pitching for Hillsboro Hops : LHP Jesus Gallegos
|
|
Batting: LHB Ivan Castillo
|
0-0: Swinging Strike 0-1: Single, Error in OF, E7, batter to second base (Line Drive, 5L, EV 96.9 MPH)
|
|
Batting: RHB Roberto Rios
|
0-0: Bunted foul 0-1: Ball 1-1: Bunt missed! 1-2: Strikes out looking
|
|
Batting: RHB Carlos Livas
|
0-0: Foul Ball, location: 2F 0-1: Fly out, F4 (Popup, 34S, EV 71.9 MPH)
|
|
Batting: RHB Rafael Reyes
|
0-0: Swinging Strike 0-1: Called Strike 0-2: Strikes out looking
|
| Top of the 9th over - 0 runs, 1 hit, 1 error, 1 left on base; Rome 3 - Hillsboro 1 |
| BOTTOM OF THE 9TH |
|
Hillsboro Hops batting - Pitching for Rome Braves : RHP Orlando Mosqueda
|
|
Pitching: RHP Jason Barber
|
|
|
Batting: RHB Dale Young
|
0-0: Called Strike 0-1: Ground out 6-3 (Groundball, 56, EV 95.0 MPH)
|
|
Pinch Hitting: LHB Josh Thomas
|
0-0: Foul Ball, location: 2F 0-1: Swinging Strike 0-2: Ball 1-2: Ball 2-2: Foul Ball, location: 2F 2-2: Foul Ball, location: 2F 2-2: Strikes out swinging
|
|
Batting: RHB Nikita Schram
|
0-0: Foul Ball, location: 2F 0-1: Swinging Strike 0-2: Foul Ball, location: 2F 0-2: Ball 1-2: Ball 2-2: Strikes out looking
|
| Bottom of the 9th over - 0 runs, 0 hits, 0 errors, 0 left on base; Rome 3 - Hillsboro 1 |
|